 Dungeon Crawl Stone Soup version 0.28-a0-1555-g9ae15a6949 (webtiles) character file.

Game seed: 5545772534365877572

53 HallandMoats the Skirmisher (level 3, -2/29 HPs)
             Began as a Ghoul Monk on Jan 19, 2022.
             Was a Believer of Hepliaklqana.
             Slain by an orc (4 damage)
             ... on level 3 of the Dungeon.
             The game lasted 00:02:45 (1929 turns).

HallandMoats the Skirmisher (Ghoul Monk)            Turns: 1929, Time: 00:02:45

Health: -2/29      AC:  5    Str: 16    XL:     3   Next: 89%
Magic:  2/2        EV: 11    Int:  5    God:    Hepliaklqana [**....]
Gold:   116        SH:  0    Dex: 11    Spells: 2/2 levels left

rFire   . . .      SeeInvis .     - Unarmed
rCold   + . .      Faith    .   (no shield)
rNeg    + + +      Spirit   .   d - +0 ring mail
rPois   ∞          Reflect  .   (no helmet)
rElec   .          Harm     .   (no cloak)
rCorr   .          Rampage  .   (no gloves)
Will    .....                   (no boots)
Stlth   +.........              (no amulet)
HPRegen 0.00/turn               (no ring)
MPRegen 0.08/turn               (no ring)

@: inhibited regen
A: reduced essence, claws 1, cold resistance 1, negative energy resistance 3,
inhibited regeneration, torment resistance 2
a: Renounce Religion, Recall Ancestor, Ancestor Identity


You were on level 3 of the Dungeon.
You worshipped Hepliaklqana.
Hepliaklqana was pleased with you.
You visited 1 branch of the dungeon, and saw 3 of its levels.

You collected 116 gold pieces.

Inventory:

Armour
 d - a +0 ring mail (worn)
Scrolls
 a - a scroll of immolation {unknown}
 c - a scroll of magic mapping {unknown}
Potions
 b - a potion of curing {unknown}
 e - a potion of degeneration {unknown}


   Skills:
 + Level 3.7 Fighting
 * Level 1.7 Axes
 + Level 1.1 Armour
 + Level 3.0 Dodging
 - Level 2.1 Stealth
 - Level 3.2 Unarmed Combat


You had 2 spell levels left.
You didn't know any spells.
Your spell library contained the following spells:

 Spells                   Type           Power      Damage    Failure   Level
 Freeze                   Ice            0%         1d3       71%         1
 Frozen Ramparts          Ice            0%         1d2       97%         3
 Ozocubu's Armour         Ice            0%         N/A       97%         3
 Hailstorm                Conj/Ice       0%         3d3       100%        4
 Ozocubu's Refrigeration  Ice            0%         4d5       100%        7


Dungeon Overview and Level Annotations

Branches:
Dungeon (3/15)

Altars:
Hepliaklqana

Shops:
D:1 :   D:2 ?


Innate Abilities, Weirdness & Mutations

Your life essence is reduced to manifest your ancestor. (-10% HP)
You thrive by killing the living.
You are immune to poison.
You have sharp fingernails.
Your flesh is cold resistant. (rC+)
You are immune to negative energy. (rN+++)
You do not regenerate when monsters are visible.
You are immune to unholy pain and torment.


Message History

You climb downwards.
There is a stone staircase leading up here.
You swap places.
The orc closely misses you.
You closely miss the orc. The orc hits you with a +0 flail.
You scratch the orc.
The orc is heavily wounded.
The orc closely misses you.
You scratch the orc.
You kill the orc!
Cynebald hits the orc wizard with a +0 dagger of draining.
Cynebald drains the orc wizard.
The orc wizard completely misses Cynebald.
You scratch the orc.
The orc is moderately wounded.
Cynebald hits the orc wizard with a +0 dagger of draining.
Cynebald drains the orc wizard.
The orc wizard casts a spell at Cynebald.
The magic dart hits Cynebald!
Cynebald is destroyed!
The orc barely misses you.
The orc wizard shouts!
You closely miss the orc.
The orc is moderately wounded.
The orc wizard casts a spell at you. The puff of flame hits you!
The orc hits you with a +0 falchion.
You scratch the orc but do no damage.
The orc is moderately wounded.
The orc hits you with a +0 falchion.
* * * LOW HITPOINT WARNING * * *
The orc wizard completely misses you.
You scratch the orc.
The orc is severely wounded.
The orc misses you.
The orc wizard hits you with a +0 dagger.
* * * LOW HITPOINT WARNING * * *
You claw the orc wizard!
You kill the orc wizard!
The orc hits you with a +0 falchion.
You die...

#......)..#
#.........#
#.........#
#....o?)..#
######o#
#....{<#
#.####.# #
#.####.#....
#.<)@o......
#.####.#..#.
#.# .....
#.# #.#...
#.# .# ...
..# #. ...
.## #.


You could see an orc.

Vanquished Creatures
  An orc wizard (D:3)
  An adder (D:3)
  A dart slug (D:1)
  2 orcs (D:3)
  2 ball pythons
  2 bats
  2 endoplasms
  2 giant cockroaches (D:1)
  3 hobgoblins
  6 jackals
  2 frilled lizards (D:1)
  5 goblins
  3 kobolds (D:1)
  7 rats
39 creatures vanquished.

Vanquished Creatures (others)
  2 hexers (D:3)
  A plant (D:2)
3 creatures vanquished.

Grand Total: 42 creatures vanquished

Notes
Turn   | Place    | Note
-------+----------+-------------------------------------------
     0 | D:1      | HallandMoats the Ghoul Monk began the quest for the Orb.
     0 | D:1      | Reached XP level 1. HP: 19/19 MP: 0/0
   128 | D:1      | Reached XP level 2. HP: 21/26 MP: 1/1
   282 | D:1      | Reached skill level 1 in Axes
   710 | D:1      | Found Borotao's Book Emporium.
   904 | D:1      | Reached XP level 3. HP: 30/31 MP: 2/2
  1178 | D:2      | Found Gyinwoyt's Magic Scroll Shop.
  1487 | D:2      | Reached skill level 1 in Armour
  1702 | D:2      | Found a faded altar of an unknown god.
  1732 | D:2      | Prayed at the altar of an unknown god.
  1732 | D:2      | Became a worshipper of Hepliaklqana the Forgotten
  1732 | D:2      | Reached * piety under Hepliaklqana
  1732 | D:2      | Reached ** piety under Hepliaklqana
  1733 | D:2      | Remembered your ancestor Cynebald as a hexer
  1929 | D:3      | Slain by an orc

Illustrated notes

Levels and vault maps discovered:
D:1:      shiori_arrival_oz, layout_basic, serial_shops, shop
D:2:      layout_basic, dreamdust_ecumenical_altar_grove, serial_shops, shop
D:3:      layout_basic, gammafunk_ghost_stat_death

Skill      XL: |  1  2  3 |
---------------+----------+-----
Axes           | 1 |  1.7
Dodging        | 3 |  3.0
Armour         | 1 |  1.1
Fighting       | |  3.7
Stealth        | |  2.1
Unarmed Combat | |  3.2

Action                   || total
-------------------------++-------
Melee: Unarmed           ||   120
       Punch             ||     3
Invok: Ancestor Life: He ||     1
 Stab: Sleeping          ||     3
Armor: Robe              ||    18
       Ring mail         ||    21
Dodge: Dodged            ||    66

Table legend: (Time is in decaauts)
 A = Elapsed time spent in this place.
 B = Non-inter-level travel time spent in this place.
 C = Inter-level travel time spent in this place.
 D = Time resting spent in this place.
 E = Time spent auto-exploring this place.
 F = Levels seen in this place.
 G = Mean time per level.
                   A        B        C        D        E       F      G
               +--------+--------+--------+--------+--------+-----+--------+
         Total |   1923 |   1884 |     39 |    119 |   1410 |   3 |  641.0 |
       Dungeon |   1923 |   1884 |     39 |    119 |   1410 |   3 |  641.0 |
               +--------+--------+--------+--------+--------+-----+--------+

Top non-repeatable levels by time:
     D:1: 1043 daAuts
     D:2: 840 daAuts
     D:3: 38 daAuts
